Kings vs Senateurs

Created - 24 septembre 2019 at 17:00

Simulating a Pre-Season

Goals
1 2 3 T
Kings 0 2 1 3
Senateurs 3 1 2 6
Shots
1 2 3 T
Kings 13 6 11 30
Senateurs 11 12 7 30

1st period

1. Senateurs , Lucas Wallmark 1 (Loui Eriksson 1, Jake Virtanen 1) at 7:17
2. Senateurs , Tanner Pearson 1 (Jesper Fast 1, Erik Gustafsson 1) at 10:11
3. Senateurs , Tanner Pearson 2 (Jake McCabe 1) at 13:52

Penalties :
No Penalty

2nd period

4. Senateurs , Jakub Voracek 2 (Steven Stamkos 2, Dustin Brown 2) at 17:08 (PP)
5. Kings , Anze Kopitar 2 (Alex Ovechkin 2) at 17:36
6. Kings , Lee Stempniak 1 (Artem Anisimov 1, Alex Ovechkin 3) at 19:59

Penalties :
Jonathon Merrill (LAK) for Diving (Minor) at 7:42, Jonathon Merrill (LAK) for Holding (Minor) at 16:57

3rd period

7. Senateurs , Steven Stamkos 2 (Jakub Voracek 2) at 3:47 (PP)
8. Senateurs , Erik Gustafsson 1 (Jakub Voracek 3, Jake Virtanen 2) at 11:51 (SH)
9. Kings , Alex Ovechkin 3 (Shea Weber 2, Artemi Panarin 4) at 16:45 (PP)

Penalties :
Brian Dumoulin (LAK) for Hooking (Minor) at 0:23, Shea Weber (LAK) for Roughing (Minor) at 3:27, Frans Nielsen (OTT) for Hooking (Minor) at 10:54, Artemi Panarin (LAK) for Hooking (Minor) at 13:57, Lucas Wallmark (OTT) for Interference (Minor) at 16:33

Goalie Stats

Devan Dubnyk (LAK), 14 saves from 18 shots - (0,778), L, 1-1-1, 37:08 minutes
Semyon Varlamov (LAK), 10 saves from 12 shots - (0,833), 22:52 minutes
Mike Smith (OTT), 27 saves from 30 shots - (0,900), W, 2-1-0, 60:00 minutes

Players Stats for Kings

Player Name              G  A  P  +/- PIM S  H  SB GA TA FO     MP     PP MP  PK MP  
------------------------------------------------------------------------------------
Alex Ovechkin            1  2  3  -2  0   1  4  0  2  1  0/0    18:55   1:21   1:11 
Anze Kopitar             1  0  1  -1  0   4  1  0  1  0  11/26  20:28   0:50   3:31 
Artem Anisimov           0  1  1   1  0   2  0  0  0  0  3/4    10:56   0:50   0:00 
Artemi Panarin           0  1  1  -2  2   5  0  0  1  0  0/1    18:03   1:21   0:00 
Artturi Lehkonen         0  0  0   1  0   1  3  0  1  1  0/1    11:50   0:00   1:24 
Brian Dumoulin           0  0  0  -1  2   1  0  1  0  0  0/0    21:29   1:33   0:12 
Carl Dahlstrom           0  0  0   2  0   2  0  2  0  0  0/0    18:38   0:00   3:26 
Carter Rowney            0  0  0   0  0   1  2  0  1  0  1/1     9:15   0:00   1:20 
Danny DeKeyser           0  0  0  -3  0   2  2  2  0  0  0/0    20:11   0:38   3:02 
Drew Stafford            0  0  0   0  0   0  0  0  0  0  0/0     7:48   0:00   0:00 
Jonas Brodin             0  0  0  -3  0   0  2  1  0  2  0/0    20:11   0:38   3:02 
Jonathon Merrill         0  0  0   2  4   0  3  1  0  2  0/0    17:35   0:00   2:06 
Lee Stempniak            1  0  1   1  0   1  0  1  0  0  0/0    11:31   0:00   1:20 
Michael Grabner          0  0  0  -1  0   2  1  1  0  0  1/2    20:13   0:00   3:28 
Nikolay Goldobin         0  0  0   0  0   2  1  0  0  0  0/0     8:10   0:00   0:00 
Shea Weber               0  1  1  -1  2   2  1  1  0  2  0/0    22:31   1:33   1:08 
Thomas Vanek             0  0  0  -1  0   1  2  1  0  1  0/1    16:57   0:50   0:00 
Tomas Hertl              0  0  0  -2  0   3  4  0  1  0  12/21  18:46   1:21   0:42 

Players Stats for Senateurs

Player Name              G  A  P  +/- PIM S  H  SB GA TA FO     MP     PP MP  PK MP  
------------------------------------------------------------------------------------
Christian Folin          0  0  0   1  0   0  0  0  0  0  0/0    12:17   0:00   0:00 
Devin Shore              0  0  0  -1  0   0  1  1  0  1  0/2    17:38   2:44   0:00 
Dougie Hamilton          0  0  0  -2  0   2  1  1  0  0  0/0    26:57   4:16   1:13 
Dustin Brown             0  1  1   0  0   3  2  4  0  0  1/2    21:49   3:44   1:34 
Erik Gustafsson          1  1  2   3  0   4  1  0  0  1  0/0    20:46   2:12   0:58 
Erik Haula               0  0  0   1  0   2  4  0  0  1  3/3    11:35   0:00   0:00 
Frans Nielsen            0  0  0  -1  2   1  0  1  1  0  5/16   18:02   2:44   0:00 
Jake McCabe              0  1  1   3  0   1  1  0  0  2  0/0    20:46   2:12   0:58 
Jake Virtanen            0  2  2   2  0   0  0  0  0  0  0/0     8:32   0:00   0:36 
Jakub Voracek            1  2  3   0  0   5  1  1  4  1  0/1    20:47   3:38   0:20 
Jared McCann             0  0  0   0  0   1  0  0  0  0  0/1    18:21   2:44   0:18 
Jesper Fast              0  1  1   1  0   3  1  0  0  0  0/0    11:48   0:06   0:00 
Karl Alzner              0  0  0   1  0   0  2  1  0  0  0/0    12:17   0:00   0:00 
Loui Eriksson            0  1  1   1  0   0  0  1  0  0  0/0     7:56   0:00   0:00 
Lucas Wallmark           1  0  1   1  2   2  1  0  0  0  1/2     7:55   0:00   0:00 
Nikita Zaitsev           0  0  0  -2  0   0  1  2  2  1  0/0    26:57   4:16   1:13 
Steven Stamkos           1  1  2   0  0   4  1  1  1  0  19/30  21:36   3:38   1:34 
Tanner Pearson           2  0  2   1  0   2  1  0  1  0  0/0    11:48   0:06   0:00 

3 Stars

1 - Tanner Pearson (OTT)
2 - Erik Gustafsson (OTT)
3 - Jakub Voracek (OTT)

Power Play

Kings - 1 on 2 Attempt(s) - 50,00%
Senateurs - 2 on 5 Attempt(s) - 40,00%

Penalty Kill

Kings - 3 on 5 Attempt(s) - 60,00% - Score 0 goal in Penalty Kill
Senateurs - 1 on 2 Attempt(s) - 50,00% - Score 1 goal in Penalty Kill

Team Stat

Kings - Hits : 26 - Faceoff Wins : 28 - Blocked Shots : 11 - Penalty Minutes : 10
Senateurs - Hits : 18 - Faceoff Wins : 29 - Blocked Shots : 13 - Penalty Minutes : 4

Official

Referees : Ghislain Hebert and Jean Hebert
Linesman : Bryan Pancich and Derek Nansen

Game Notes

Semyon Varlamov enters game at 17:08 of 2nd period

Kings

5 vs 5 Forward 
   Center                   Left Wing                Right Wing               Time % Phy DF OF 
 1 Anze Kopitar             Alex Ovechkin            Thomas Vanek             37     0   2  3  
 2 Tomas Hertl              Michael Grabner          Artemi Panarin           36     0   2  3  
 3 Artem Anisimov           Artturi Lehkonen         Lee Stempniak            20     0   3  2  
 4 Carter Rowney            Nikolay Goldobin         Drew Stafford            7      1   2  2  

5 vs 5 Defense 
   Defense                  Defense                                           Time % Phy DF OF 
 1 Shea Weber               Brian Dumoulin                                    39     1   3  1  
 2 Danny DeKeyser           Jonas Brodin                                      34     1   3  1  
 3 Jonathon Merrill         Carl Dahlstrom                                    27     1   2  2  
 4 Shea Weber               Brian Dumoulin                                    0      1   2  2  

PowerPlay Forward 
   Center                   Left Wing                Right Wing               Time % Phy DF OF 
 1 Tomas Hertl              Alex Ovechkin            Artemi Panarin           60     0   1  4  
 2 Anze Kopitar             Artem Anisimov           Thomas Vanek             40     0   1  4  

PowerPlay Defense
   Defense                  Defense                                           Time % Phy DF OF 
 1 Shea Weber               Brian Dumoulin                                    60     1   1  3  
 2 Danny DeKeyser           Jonas Brodin                                      40     1   1  3  

Penalty Kill 4 Players Forward 
   Center                   Wing                     Time % Phy DF OF 
 1 Anze Kopitar             Michael Grabner          60     1   4  0  
 2 Carter Rowney            Lee Stempniak            40     1   4  0  

Penalty Kill 4 Players Defense
   Defense                  Defense                  Time % Phy DF OF 
 1 Danny DeKeyser           Jonas Brodin             60     1   4  0  
 2 Jonathon Merrill         Carl Dahlstrom           40     1   4  0  

Penalty Kill - 3 Players Forward 
   Forward                                           Time % Phy DF OF 
 1 Anze Kopitar                                      50     1   2  2  
 2 Tomas Hertl                                       50     1   2  2  

Penalty Kill - 3 Players Defense
   Defense                  Defense                  Time % Phy DF OF 
 1 Shea Weber               Brian Dumoulin           50     1   4  0  
 2 Danny DeKeyser           Jonas Brodin             50     1   4  0  

4 vs 4 Forward 
   Center                   Wing                     Time % Phy DF OF 
 1 Anze Kopitar             Alex Ovechkin            55     0   2  3  
 2 Tomas Hertl              Artemi Panarin           45     1   2  2  

4 vs 4 Defense
   Defense                  Defense                  Time % Phy DF OF 
 1 Shea Weber               Brian Dumoulin           55     1   2  2  
 2 Danny DeKeyser           Jonas Brodin             45     1   2  2  

Last Minutes Offensive
   Center                   Left Wing                Right Wing               Defense                  Defense                  
   Anze Kopitar             Alex Ovechkin            Artemi Panarin           Shea Weber               Brian Dumoulin           

Last Minutes Defensive
   Center                   Left Wing                Right Wing               Defense                  Defense                  
   Anze Kopitar             Michael Grabner          Tomas Hertl              Shea Weber               Danny DeKeyser           

Goaltenders
Starting : Devan Dubnyk             
Backup : Semyon Varlamov          

Extra Forwards
Normal : Artturi Lehkonen, Nikolay Goldobin, Alex Ovechkin - PP : Artturi Lehkonen, Nikolay Goldobin - PK : Artturi Lehkonen
Extra Defensemen
Normal : Jonathon Merrill, Carl Dahlstrom, Shea Weber - PP : Jonathon Merrill - PK : Shea Weber, Brian Dumoulin
Penalty Shots
Artemi Panarin, Thomas Vanek, Anze Kopitar, Alex Ovechkin, Tomas Hertl
Custom OT Lines Forwards
Alex Ovechkin, Anze Kopitar, Artemi Panarin, Tomas Hertl, Thomas Vanek, Michael Grabner, Artem Anisimov, Artturi Lehkonen, Nikolay Goldobin, Lee Stempniak
Custom OT Lines Defensemen
Shea Weber, Brian Dumoulin, Jonas Brodin, Danny DeKeyser, Jonathon Merrill

Scratches
Luke Schenn (Healthy), Michael Del Zotto (Healthy), Nikita Soshnikov (Healthy), Alex Stalock (Healthy)

Senateurs

5 vs 5 Forward 
   Center                   Left Wing                Right Wing               Time % Phy DF OF 
 1 Steven Stamkos           Dustin Brown             Jakub Voracek            40     1   2  2  
 2 Frans Nielsen            Jared McCann             Devin Shore              30     1   2  2  
 3 Erik Haula               Jesper Fast              Tanner Pearson           20     1   2  2  
 4 Lucas Wallmark           Jake Virtanen            Loui Eriksson            10     1   2  2  

5 vs 5 Defense 
   Defense                  Defense                                           Time % Phy DF OF 
 1 Nikita Zaitsev           Dougie Hamilton                                   40     1   2  2  
 2 Jake McCabe              Erik Gustafsson                                   30     1   2  2  
 3 Christian Folin          Karl Alzner                                       20     1   2  2  
 4 Nikita Zaitsev           Dougie Hamilton                                   10     1   2  2  

PowerPlay Forward 
   Center                   Left Wing                Right Wing               Time % Phy DF OF 
 1 Steven Stamkos           Dustin Brown             Jakub Voracek            60     1   2  2  
 2 Frans Nielsen            Jared McCann             Devin Shore              40     1   2  2  

PowerPlay Defense
   Defense                  Defense                                           Time % Phy DF OF 
 1 Nikita Zaitsev           Dougie Hamilton                                   60     1   2  2  
 2 Jake McCabe              Erik Gustafsson                                   40     1   2  2  

Penalty Kill 4 Players Forward 
   Center                   Wing                     Time % Phy DF OF 
 1 Steven Stamkos           Dustin Brown             60     1   2  2  
 2 Jakub Voracek            Frans Nielsen            40     1   2  2  

Penalty Kill 4 Players Defense
   Defense                  Defense                  Time % Phy DF OF 
 1 Nikita Zaitsev           Dougie Hamilton          60     1   2  2  
 2 Jake McCabe              Erik Gustafsson          40     1   2  2  

Penalty Kill - 3 Players Forward 
   Forward                                           Time % Phy DF OF 
 1 Steven Stamkos                                    60     1   2  2  
 2 Dustin Brown                                      40     1   2  2  

Penalty Kill - 3 Players Defense
   Defense                  Defense                  Time % Phy DF OF 
 1 Nikita Zaitsev           Dougie Hamilton          60     1   2  2  
 2 Jake McCabe              Erik Gustafsson          40     1   2  2  

4 vs 4 Forward 
   Center                   Wing                     Time % Phy DF OF 
 1 Steven Stamkos           Dustin Brown             60     1   2  2  
 2 Jakub Voracek            Frans Nielsen            40     1   2  2  

4 vs 4 Defense
   Defense                  Defense                  Time % Phy DF OF 
 1 Nikita Zaitsev           Dougie Hamilton          60     1   2  2  
 2 Jake McCabe              Erik Gustafsson          40     1   2  2  

Last Minutes Offensive
   Center                   Left Wing                Right Wing               Defense                  Defense                  
   Steven Stamkos           Dustin Brown             Jakub Voracek            Nikita Zaitsev           Dougie Hamilton          

Last Minutes Defensive
   Center                   Left Wing                Right Wing               Defense                  Defense                  
   Steven Stamkos           Dustin Brown             Jakub Voracek            Nikita Zaitsev           Dougie Hamilton          

Goaltenders
Starting : Mike Smith               
Backup : Cory Schneider           

Extra Forwards
Normal : Jesper Fast, Tanner Pearson, Jake Virtanen - PP : Jesper Fast, Tanner Pearson - PK : Jake Virtanen
Extra Defensemen
Normal : Christian Folin, Karl Alzner, Jake McCabe - PP : Christian Folin - PK : Karl Alzner, Jake McCabe
Penalty Shots
Steven Stamkos, Dustin Brown, Jakub Voracek, Frans Nielsen, Jared McCann
Custom OT Lines Forwards
Steven Stamkos, Dustin Brown, Jakub Voracek, Frans Nielsen, Jared McCann, Devin Shore, Jesper Fast, Tanner Pearson, Jake Virtanen, Loui Eriksson
Custom OT Lines Defensemen
Nikita Zaitsev, Dougie Hamilton, Jake McCabe, Erik Gustafsson, Christian Folin

Scratches
Trevor van Riemsdyk (Healthy), Jack Roslovic (Healthy), Ryan Spooner (Healthy)

% Time on Ice - Kings

Lines # - Real PCT - Wanted PCT - Time Play
Normal Forward
1 - 33% - 37% - 16:45
2 - 33% - 36% - 16:44
3 - 20% - 20% - 10:04
4 - 15% - 7% - 7:48
Normal Defense
1 - 39% - 39% - 20:07
2 - 34% - 34% - 17:38
3 - 26% - 27% - 13:36
4 - 0% - 0% - 0:00
PP Forward
1 - 62% - 60% - 1:21
2 - 38% - 40% - 0:50
PP Defense
1 - 71% - 60% - 1:33
2 - 29% - 40% - 0:38
PK Forward
1 - 79% - 60% - 5:08
2 - 21% - 40% - 1:20
PK Defense
1 - 47% - 60% - 3:02
2 - 53% - 40% - 3:26
PK3 Forward
1 - 0% - 50%
2 - 0% - 50%
PK3 Defense
1 - 0% - 50%
2 - 0% - 50%
44 Forward
1 - 0% - 55%
2 - 0% - 45%
44 Defense
1 - 0% - 55%
2 - 0% - 45%
Last Minute Offensive  - 0:00
Last Minute Defensive  - 0:00
Total
Forward - 60:00
Defense - 60:00

% Time on Ice - Senateurs

Lines # - Real PCT - Wanted PCT - Time Play
Normal Forward
1 - 32% - 40% - 16:31
2 - 30% - 30% - 15:19
3 - 23% - 20% - 11:35
4 - 15% - 10% - 7:56
Normal Defense
1 - 38% - 40% - 19:25
2 - 34% - 30% - 17:36
3 - 24% - 20% - 12:17
4 - 4% - 10% - 2:03
PP Forward
1 - 58% - 60% - 3:44
2 - 42% - 40% - 2:44
PP Defense
1 - 66% - 60% - 4:16
2 - 34% - 40% - 2:12
PK Forward
1 - 85% - 60% - 1:51
2 - 15% - 40% - 0:20
PK Defense
1 - 56% - 60% - 1:13
2 - 44% - 40% - 0:58
PK3 Forward
1 - 0% - 60%
2 - 0% - 40%
PK3 Defense
1 - 0% - 60%
2 - 0% - 40%
44 Forward
1 - 0% - 60%
2 - 0% - 40%
44 Defense
1 - 0% - 60%
2 - 0% - 40%
Last Minute Offensive  - 0:00
Last Minute Defensive  - 0:00
Total
Forward - 60:00
Defense - 60:00

Play-by-Play

1st period


0:01 of 1st period - Steven Stamkos wins face-off versus Anze Kopitar in neutral zone.
1:40 of 1st period - Dustin Brown is hit by Alex Ovechkin and loses puck.
2:03 of 1st period - Steven Stamkos is hit by Jonathon Merrill and loses puck.
3:03 of 1st period - Snap shot by Steven Stamkos.
3:03 of 1st period - Shot Misses the Net.
3:05 of 1st period - Wrist shot by Dustin Brown.
3:05 of 1st period - Shot Misses the Net.
3:17 of 1st period - Wrist shot by Steven Stamkos.
3:17 of 1st period - Stopped by Devan Dubnyk without a rebound.
3:18 of 1st period - Frans Nielsen wins face-off versus Anze Kopitar in Kings zone.
3:29 of 1st period - Slapshot by Jared McCann.
3:29 of 1st period - Stopped by Devan Dubnyk with a rebound.
3:45 of 1st period - Nikita Zaitsev is hit by Artturi Lehkonen and loses puck.
3:50 of 1st period - Wrist shot by Artem Anisimov.
3:50 of 1st period - Stopped by Mike Smith without a rebound.
3:51 of 1st period - Carter Rowney wins face-off versus Frans Nielsen in Senateurs zone.
4:58 of 1st period - Snap shot by Artem Anisimov.
4:58 of 1st period - Stopped by Mike Smith with a rebound.
5:00 of 1st period - Snap shot by Michael Grabner.
5:00 of 1st period - Shot Misses the Net.
5:02 of 1st period - Snap shot by Shea Weber.
5:02 of 1st period - Stopped by Mike Smith with a rebound.
5:56 of 1st period - Off-side.
5:57 of 1st period - Erik Haula wins face-off versus Artem Anisimov in neutral zone.
6:47 of 1st period - Snap shot by Drew Stafford.
6:47 of 1st period - Shot Misses the Net.
6:49 of 1st period - Snap shot by Carl Dahlstrom.
6:49 of 1st period - Stopped by Mike Smith with a rebound.
6:51 of 1st period - Slapshot by Jonathon Merrill.
6:51 of 1st period - Shot Blocked by Dustin Brown.
6:53 of 1st period - Snap shot by Carl Dahlstrom.
6:53 of 1st period - Deflect By Nikolay Goldobin.
6:53 of 1st period - Stopped by Mike Smith with a rebound.
6:55 of 1st period - Slapshot by Carl Dahlstrom.
6:55 of 1st period - Shot Blocked by Karl Alzner.
7:02 of 1st period - Icing by Christian Folin.
7:03 of 1st period - Tomas Hertl wins face-off versus Lucas Wallmark in Senateurs zone.
7:04 of 1st period - Slapshot by Artemi Panarin.
7:04 of 1st period - Stopped by Mike Smith with a rebound.
7:17 of 1st period - Wrist shot by Lucas Wallmark.
7:17 of 1st period - Goal by Lucas Wallmark - Kings : 0 - Senateurs : 1.
7:18 of 1st period - Anze Kopitar wins face-off versus Devin Shore in neutral zone.
7:47 of 1st period - Slapshot by Alex Ovechkin.
7:47 of 1st period - Shot Misses the Net.
8:00 of 1st period - Icing by Artemi Panarin.
8:01 of 1st period - Erik Haula wins face-off versus Artturi Lehkonen in Kings zone.
8:11 of 1st period - Off-side.
8:12 of 1st period - Frans Nielsen wins face-off versus Anze Kopitar in neutral zone.
8:15 of 1st period - Anze Kopitar is hit by Devin Shore.
8:21 of 1st period - Devin Shore is hit by Alex Ovechkin and loses puck.
8:43 of 1st period - Snap shot by Artemi Panarin.
8:43 of 1st period - Shot Misses the Net.
8:45 of 1st period - Slapshot by Tomas Hertl.
8:45 of 1st period - Shot Blocked by Nikita Zaitsev.
8:47 of 1st period - Slapshot by Carl Dahlstrom.
8:47 of 1st period - Deflect By Nikita Zaitsev.
8:47 of 1st period - Stopped by Mike Smith without a rebound.
8:48 of 1st period - Steven Stamkos wins face-off versus Anze Kopitar in Senateurs zone.
8:48 of 1st period - Steven Stamkos is hit by Jonathon Merrill.
8:56 of 1st period - Wrist shot by Jakub Voracek.
8:56 of 1st period - Shot Misses the Net.
8:58 of 1st period - Wrist shot by Dustin Brown.
8:58 of 1st period - Stopped by Devan Dubnyk without a rebound.
8:59 of 1st period - Michael Grabner wins face-off versus Frans Nielsen in Kings zone.
9:24 of 1st period - Jakub Voracek is hit by Jonas Brodin and loses puck.
9:33 of 1st period - Wrist shot by Dustin Brown.
9:33 of 1st period - Stopped by Devan Dubnyk without a rebound.
9:34 of 1st period - Anze Kopitar wins face-off versus Devin Shore in Kings zone.
10:03 of 1st period - Wrist shot by Erik Haula.
10:03 of 1st period - Stopped by Devan Dubnyk with a rebound.
10:05 of 1st period - Slapshot by Jake McCabe.
10:05 of 1st period - Stopped by Devan Dubnyk with a rebound.
10:07 of 1st period - Slapshot by Erik Gustafsson.
10:07 of 1st period - Stopped by Devan Dubnyk with a rebound.
10:09 of 1st period - Backhand shot by Jesper Fast.
10:09 of 1st period - Stopped by Devan Dubnyk with a rebound.
10:11 of 1st period - Wrist shot by Tanner Pearson.
10:11 of 1st period - Goal by Tanner Pearson - Kings : 0 - Senateurs : 2.
10:12 of 1st period - Steven Stamkos wins face-off versus Tomas Hertl in neutral zone.
10:25 of 1st period - Snap shot by Jakub Voracek.
10:25 of 1st period - Shot Misses the Net.
10:27 of 1st period - Wrist shot by Steven Stamkos.
10:27 of 1st period - Shot Misses the Net.
11:26 of 1st period - Jake Virtanen is hit by Jonas Brodin and loses puck.
12:46 of 1st period - Snap shot by Carter Rowney.
12:46 of 1st period - Stopped by Mike Smith with a rebound.
13:13 of 1st period - Off-side.
13:14 of 1st period - Anze Kopitar wins face-off versus Frans Nielsen in neutral zone.
13:17 of 1st period - Snap shot by Alex Ovechkin.
13:17 of 1st period - Shot Misses the Net.
13:44 of 1st period - Slapshot by Alex Ovechkin.
13:44 of 1st period - Deflect By Thomas Vanek.
13:44 of 1st period - Stopped by Mike Smith with a rebound.
13:52 of 1st period - Snap shot by Tanner Pearson.
13:52 of 1st period - Goal by Tanner Pearson - Kings : 0 - Senateurs : 3.
13:53 of 1st period - Steven Stamkos wins face-off versus Artemi Panarin in neutral zone.
13:56 of 1st period - Michael Grabner is hit by Steven Stamkos and loses puck.
14:25 of 1st period - Nikita Zaitsev is hit by Jonathon Merrill and loses puck.
14:38 of 1st period - Icing by Artem Anisimov.
14:39 of 1st period - Erik Haula wins face-off versus Anze Kopitar in Kings zone.
14:42 of 1st period - Slapshot by Tanner Pearson.
14:42 of 1st period - Shot Misses the Net.
15:28 of 1st period - Icing by Jared McCann.
15:29 of 1st period - Artem Anisimov wins face-off versus Frans Nielsen in Senateurs zone.
15:40 of 1st period - Artem Anisimov is hit by Dougie Hamilton and loses puck.
15:53 of 1st period - Brian Dumoulin is hit by Nikita Zaitsev and loses puck.
16:04 of 1st period - Snap shot by Frans Nielsen.
16:04 of 1st period - Shot Misses the Net.
16:25 of 1st period - Slapshot by Artemi Panarin.
16:25 of 1st period - Deflect By Tomas Hertl.
16:25 of 1st period - Stopped by Mike Smith with a rebound.
16:27 of 1st period - Slapshot by Tomas Hertl.
16:27 of 1st period - Stopped by Mike Smith without a rebound.
16:28 of 1st period - Anze Kopitar wins face-off versus Steven Stamkos in Senateurs zone.
16:35 of 1st period - Snap shot by Anze Kopitar.
16:35 of 1st period - Shot Misses the Net.
18:32 of 1st period - Slapshot by Nikolay Goldobin.
18:32 of 1st period - Stopped by Mike Smith with a rebound.
18:58 of 1st period - Slapshot by Artturi Lehkonen.
18:58 of 1st period - Stopped by Mike Smith with a rebound.
19:04 of 1st period - Jake McCabe is hit by Shea Weber and loses puck.
19:52 of 1st period - Slapshot by Erik Haula.
19:52 of 1st period - Shot Misses the Net.
Goals for this period are 0 for Kings vs 3 for Senateurs.
Shots for this period are 13 for Kings vs 11 for Senateurs.

2nd period


0:01 of 2nd period - Tomas Hertl wins face-off versus Dustin Brown in neutral zone.
0:26 of 2nd period - Jared McCann is hit by Danny DeKeyser and loses puck.
0:37 of 2nd period - Wrist shot by Frans Nielsen.
0:37 of 2nd period - Shot Blocked by Danny DeKeyser.
1:09 of 2nd period - Snap shot by Jakub Voracek.
1:09 of 2nd period - Stopped by Devan Dubnyk with a rebound.
2:01 of 2nd period - Snap shot by Anze Kopitar.
2:01 of 2nd period - Stopped by Mike Smith with a rebound.
2:09 of 2nd period - Wrist shot by Devin Shore.
2:09 of 2nd period - Shot Blocked by Brian Dumoulin.
2:29 of 2nd period - Snap shot by Drew Stafford.
2:29 of 2nd period - Shot Misses the Net.
2:59 of 2nd period - Karl Alzner is hit by Tomas Hertl and loses puck.
3:42 of 2nd period - Jesper Fast is hit by Carter Rowney and loses puck.
3:51 of 2nd period - Drew Stafford is hit by Tanner Pearson and loses puck.
4:16 of 2nd period - Wrist shot by Anze Kopitar.
4:16 of 2nd period - Stopped by Mike Smith without a rebound.
4:17 of 2nd period - Tomas Hertl wins face-off versus Frans Nielsen in Senateurs zone.
4:44 of 2nd period - Dougie Hamilton is hit by Alex Ovechkin and loses puck.
6:10 of 2nd period - Danny DeKeyser is hit by Jake McCabe and loses puck.
6:33 of 2nd period - Snap shot by Erik Haula.
6:33 of 2nd period - Shot Misses the Net.
6:35 of 2nd period - Wrist shot by Jesper Fast.
6:35 of 2nd period - Stopped by Devan Dubnyk without a rebound.
6:36 of 2nd period - Steven Stamkos wins face-off versus Tomas Hertl in Kings zone.
7:42 of 2nd period - Minor Penalty to Jonathon Merrill for Diving.
7:43 of 2nd period - Anze Kopitar wins face-off versus Steven Stamkos in Kings zone.
9:42 of 2nd period - Penalty to Jonathon Merrill is over, Jonathon Merrill is back on ice.
10:19 of 2nd period - Nikolay Goldobin is hit by Jesper Fast and loses puck.
10:50 of 2nd period - Drew Stafford is hit by Erik Haula and loses puck.
12:40 of 2nd period - Wrist shot by Tanner Pearson.
12:40 of 2nd period - Shot Misses the Net.
12:42 of 2nd period - Snap shot by Jesper Fast.
12:42 of 2nd period - Stopped by Devan Dubnyk with a rebound.
12:44 of 2nd period - Slapshot by Tanner Pearson.
12:44 of 2nd period - Shot Blocked by Thomas Vanek.
12:54 of 2nd period - Thomas Vanek is hit by Dustin Brown and loses puck.
13:11 of 2nd period - Wrist shot by Thomas Vanek.
13:11 of 2nd period - Shot Misses the Net.
13:27 of 2nd period - Dougie Hamilton is hit by Danny DeKeyser.
13:36 of 2nd period - Slapshot by Lucas Wallmark.
13:36 of 2nd period - Stopped by Devan Dubnyk without a rebound.
13:37 of 2nd period - Artem Anisimov wins face-off versus Steven Stamkos in Kings zone.
13:41 of 2nd period - Off-side.
13:42 of 2nd period - Artem Anisimov wins face-off versus Steven Stamkos in neutral zone.
13:45 of 2nd period - Erik Gustafsson is hit by Artturi Lehkonen.
13:51 of 2nd period - Backhand shot by Dustin Brown.
13:51 of 2nd period - Shot Blocked by Lee Stempniak.
13:53 of 2nd period - Slapshot by Jakub Voracek.
13:53 of 2nd period - Stopped by Devan Dubnyk with a rebound.
14:18 of 2nd period - Icing by Devin Shore.
14:19 of 2nd period - Tomas Hertl wins face-off versus Frans Nielsen in Senateurs zone.
14:22 of 2nd period - Slapshot by Artemi Panarin.
14:22 of 2nd period - Shot Misses the Net.
14:28 of 2nd period - Snap shot by Artemi Panarin.
14:28 of 2nd period - Stopped by Mike Smith with a rebound.
14:34 of 2nd period - Slapshot by Erik Gustafsson.
14:34 of 2nd period - Deflect By Artemi Panarin.
14:34 of 2nd period - Stopped by Devan Dubnyk without a rebound.
14:35 of 2nd period - Steven Stamkos wins face-off versus Anze Kopitar in Kings zone.
15:32 of 2nd period - Snap shot by Jesper Fast.
15:32 of 2nd period - Shot Misses the Net.
16:12 of 2nd period - Slapshot by Alex Ovechkin.
16:12 of 2nd period - Shot Blocked by Jakub Voracek.
16:29 of 2nd period - Off-side.
16:30 of 2nd period - Tomas Hertl wins face-off versus Frans Nielsen in neutral zone.
16:51 of 2nd period - Off-side.
16:52 of 2nd period - Steven Stamkos wins face-off versus Anze Kopitar in neutral zone.
16:52 of 2nd period - Steven Stamkos is hit by Alex Ovechkin.
16:57 of 2nd period - Minor Penalty to Jonathon Merrill for Holding.
16:58 of 2nd period - Dustin Brown wins face-off versus Anze Kopitar in Kings zone.
17:08 of 2nd period - Wrist shot by Jakub Voracek.
17:08 of 2nd period - Goal by Jakub Voracek - Kings : 0 - Senateurs : 4.
17:08 of 2nd period - Semyon Varlamov enters game.
17:09 of 2nd period - Steven Stamkos wins face-off versus Michael Grabner in neutral zone.
17:36 of 2nd period - Snap shot by Anze Kopitar.
17:36 of 2nd period - Goal by Anze Kopitar - Kings : 1 - Senateurs : 4.
17:37 of 2nd period - Steven Stamkos wins face-off versus Tomas Hertl in neutral zone.
18:20 of 2nd period - Snap shot by Jakub Voracek.
18:20 of 2nd period - Stopped by Semyon Varlamov with a rebound.
18:22 of 2nd period - Snap shot by Nikita Zaitsev.
18:22 of 2nd period - Shot Blocked by Carl Dahlstrom.
18:24 of 2nd period - Slapshot by Steven Stamkos.
18:24 of 2nd period - Stopped by Semyon Varlamov with a rebound.
18:26 of 2nd period - Snap shot by Dougie Hamilton.
18:26 of 2nd period - Shot Blocked by Jonathon Merrill.
18:28 of 2nd period - Snap shot by Dougie Hamilton.
18:28 of 2nd period - Stopped by Semyon Varlamov without a rebound.
18:29 of 2nd period - Tomas Hertl wins face-off versus Jared McCann in Kings zone.
18:34 of 2nd period - Snap shot by Tomas Hertl.
18:34 of 2nd period - Deflect By Michael Grabner.
18:34 of 2nd period - Stopped by Mike Smith without a rebound.
18:35 of 2nd period - Frans Nielsen wins face-off versus Tomas Hertl in Senateurs zone.
18:55 of 2nd period - Erik Gustafsson is hit by Tomas Hertl and loses puck.
19:20 of 2nd period - Snap shot by Frans Nielsen.
19:20 of 2nd period - Shot Misses the Net.
19:22 of 2nd period - Wrist shot by Frans Nielsen.
19:22 of 2nd period - Shot Blocked by Shea Weber.
19:24 of 2nd period - Wrist shot by Jared McCann.
19:24 of 2nd period - Shot Blocked by Michael Grabner.
19:26 of 2nd period - Snap shot by Frans Nielsen.
19:26 of 2nd period - Stopped by Semyon Varlamov without a rebound.
19:27 of 2nd period - Steven Stamkos wins face-off versus Anze Kopitar in Kings zone.
19:30 of 2nd period - Snap shot by Jakub Voracek.
19:30 of 2nd period - Stopped by Semyon Varlamov without a rebound.
19:31 of 2nd period - Anze Kopitar wins face-off versus Jakub Voracek in Kings zone.
19:31 of 2nd period - Anze Kopitar is hit by Jakub Voracek.
19:39 of 2nd period - Snap shot by Thomas Vanek.
19:39 of 2nd period - Shot Misses the Net.
19:59 of 2nd period - Snap shot by Lee Stempniak.
19:59 of 2nd period - Goal by Lee Stempniak - Kings : 2 - Senateurs : 4.
Goals for this period are 2 for Kings vs 1 for Senateurs.
Shots for this period are 6 for Kings vs 12 for Senateurs.

3rd period


0:01 of 3rd period - Anze Kopitar wins face-off versus Steven Stamkos in neutral zone.
0:16 of 3rd period - Snap shot by Jakub Voracek.
0:16 of 3rd period - Deflect By Steven Stamkos.
0:16 of 3rd period - Shot Misses the Net.
0:16 of 3rd period - Puck is out of play.
0:17 of 3rd period - Frans Nielsen wins face-off versus Tomas Hertl in Kings zone.
0:23 of 3rd period - Minor Penalty to Brian Dumoulin for Hooking.
0:24 of 3rd period - Steven Stamkos wins face-off versus Anze Kopitar in Kings zone.
0:26 of 3rd period - Slapshot by Steven Stamkos.
0:26 of 3rd period - Shot Blocked by Danny DeKeyser.
2:23 of 3rd period - Penalty to Brian Dumoulin is over, Brian Dumoulin is back on ice.
2:39 of 3rd period - Jonas Brodin is hit by Karl Alzner and loses puck.
3:01 of 3rd period - Wrist shot by Artturi Lehkonen.
3:01 of 3rd period - Shot Blocked by Loui Eriksson.
3:07 of 3rd period - Brian Dumoulin is hit by Lucas Wallmark and loses puck.
3:27 of 3rd period - Minor Penalty to Shea Weber for Roughing.
3:28 of 3rd period - Steven Stamkos wins face-off versus Anze Kopitar in Kings zone.
3:33 of 3rd period - Wrist shot by Jakub Voracek.
3:33 of 3rd period - Shot Blocked by Carl Dahlstrom.
3:35 of 3rd period - Slapshot by Steven Stamkos.
3:35 of 3rd period - Stopped by Semyon Varlamov with a rebound.
3:37 of 3rd period - Slapshot by Dougie Hamilton.
3:37 of 3rd period - Stopped by Semyon Varlamov without a rebound.
3:38 of 3rd period - Steven Stamkos wins face-off versus Anze Kopitar in Kings zone.
3:47 of 3rd period - Snap shot by Steven Stamkos.
3:47 of 3rd period - Goal by Steven Stamkos - Kings : 2 - Senateurs : 5.
3:48 of 3rd period - Steven Stamkos wins face-off versus Anze Kopitar in neutral zone.
4:02 of 3rd period - Slapshot by Jakub Voracek.
4:02 of 3rd period - Shot Blocked by Jonas Brodin.
4:14 of 3rd period - Jonas Brodin is hit by Erik Haula and loses puck.
4:21 of 3rd period - Snap shot by Erik Haula.
4:21 of 3rd period - Deflect By Alex Ovechkin.
4:21 of 3rd period - Shot Misses the Net.
4:21 of 3rd period - Puck is out of play.
4:22 of 3rd period - Steven Stamkos wins face-off versus Tomas Hertl in Kings zone.
4:33 of 3rd period - Erik Gustafsson is hit by Michael Grabner and loses puck.
4:48 of 3rd period - Devin Shore is hit by Artturi Lehkonen and loses puck.
5:02 of 3rd period - Icing by Frans Nielsen.
5:03 of 3rd period - Tomas Hertl wins face-off versus Frans Nielsen in Senateurs zone.
6:31 of 3rd period - Snap shot by Michael Grabner.
6:31 of 3rd period - Shot Misses the Net.
6:33 of 3rd period - Slapshot by Danny DeKeyser.
6:33 of 3rd period - Deflect By Steven Stamkos.
6:33 of 3rd period - Stopped by Mike Smith with a rebound.
6:41 of 3rd period - Wrist shot by Artemi Panarin.
6:41 of 3rd period - Stopped by Mike Smith without a rebound.
6:42 of 3rd period - Anze Kopitar wins face-off versus Frans Nielsen in Senateurs zone.
6:55 of 3rd period - Backhand shot by Anze Kopitar.
6:55 of 3rd period - Stopped by Mike Smith without a rebound.
6:56 of 3rd period - Steven Stamkos wins face-off versus Tomas Hertl in Senateurs zone.
6:56 of 3rd period - Steven Stamkos is hit by Tomas Hertl.
7:42 of 3rd period - Erik Gustafsson is hit by Carter Rowney and loses puck.
8:30 of 3rd period - Alex Ovechkin is hit by Karl Alzner and loses puck.
8:57 of 3rd period - Snap shot by Artem Anisimov.
8:57 of 3rd period - Shot Misses the Net.
9:33 of 3rd period - Icing by Artemi Panarin.
9:34 of 3rd period - Lucas Wallmark wins face-off versus Tomas Hertl in Kings zone.
9:35 of 3rd period - Snap shot by Erik Gustafsson.
9:35 of 3rd period - Stopped by Semyon Varlamov with a rebound.
9:37 of 3rd period - Wrist shot by Dustin Brown.
9:37 of 3rd period - Stopped by Semyon Varlamov without a rebound.
9:38 of 3rd period - Anze Kopitar wins face-off versus Steven Stamkos in Kings zone.
10:10 of 3rd period - Brian Dumoulin is hit by Erik Gustafsson and loses puck.
10:28 of 3rd period - Off-side.
10:29 of 3rd period - Steven Stamkos wins face-off versus Anze Kopitar in neutral zone.
10:36 of 3rd period - Alex Ovechkin is hit by Dustin Brown and loses puck.
10:43 of 3rd period - Slapshot by Thomas Vanek.
10:43 of 3rd period - Shot Misses the Net.
10:45 of 3rd period - Wrist shot by Danny DeKeyser.
10:45 of 3rd period - Stopped by Mike Smith without a rebound.
10:46 of 3rd period - Tomas Hertl wins face-off versus Frans Nielsen in Senateurs zone.
10:54 of 3rd period - Minor Penalty to Frans Nielsen for Hooking.
10:55 of 3rd period - Tomas Hertl wins face-off versus Steven Stamkos in Senateurs zone.
11:05 of 3rd period - Wrist shot by Artemi Panarin.
11:05 of 3rd period - Shot Misses the Net.
11:07 of 3rd period - Snap shot by Brian Dumoulin.
11:07 of 3rd period - Stopped by Mike Smith with a rebound.
11:09 of 3rd period - Snap shot by Tomas Hertl.
11:09 of 3rd period - Shot Blocked by Steven Stamkos.
11:11 of 3rd period - Wrist shot by Tomas Hertl.
11:11 of 3rd period - Shot Blocked by Nikita Zaitsev.
11:51 of 3rd period - Slapshot by Erik Gustafsson.
11:51 of 3rd period - Goal by Erik Gustafsson - Kings : 2 - Senateurs : 6.
11:52 of 3rd period - Tomas Hertl wins face-off versus Steven Stamkos in neutral zone.
12:05 of 3rd period - Slapshot by Artemi Panarin.
12:05 of 3rd period - Shot Blocked by Dustin Brown.
12:19 of 3rd period - Steven Stamkos is hit by Anze Kopitar.
12:54 of 3rd period - Penalty to Frans Nielsen is over, Frans Nielsen is back on ice.
13:26 of 3rd period - Lee Stempniak is hit by Erik Haula and loses puck.
13:57 of 3rd period - Minor Penalty to Artemi Panarin for Hooking.
13:58 of 3rd period - Anze Kopitar wins face-off versus Steven Stamkos in Kings zone.
15:43 of 3rd period - Dougie Hamilton is hit by Tomas Hertl and loses puck.
15:52 of 3rd period - Wrist shot by Alex Ovechkin.
15:52 of 3rd period - Shot Blocked by Frans Nielsen.
15:57 of 3rd period - Penalty to Artemi Panarin is over, Artemi Panarin is back on ice.
16:08 of 3rd period - Christian Folin is hit by Nikolay Goldobin and loses puck.
16:33 of 3rd period - Minor Penalty to Lucas Wallmark for Interference.
16:34 of 3rd period - Tomas Hertl wins face-off versus Steven Stamkos in Senateurs zone.
16:39 of 3rd period - Wrist shot by Artemi Panarin.
16:39 of 3rd period - Shot Misses the Net.
16:41 of 3rd period - Wrist shot by Artemi Panarin.
16:41 of 3rd period - Deflect By Erik Gustafsson.
16:41 of 3rd period - Stopped by Mike Smith with a rebound.
16:43 of 3rd period - Slapshot by Shea Weber.
16:43 of 3rd period - Stopped by Mike Smith with a rebound.
16:45 of 3rd period - Slapshot by Alex Ovechkin.
16:45 of 3rd period - Goal by Alex Ovechkin - Kings : 3 - Senateurs : 6.
16:46 of 3rd period - Anze Kopitar wins face-off versus Steven Stamkos in neutral zone.
16:49 of 3rd period - Steven Stamkos is hit by Thomas Vanek and loses puck.
16:56 of 3rd period - Slapshot by Anze Kopitar.
16:56 of 3rd period - Shot Blocked by Dustin Brown.
17:14 of 3rd period - Wrist shot by Jared McCann.
17:14 of 3rd period - Deflect By Frans Nielsen.
17:14 of 3rd period - Shot Misses the Net.
17:14 of 3rd period - Puck is out of play.
17:15 of 3rd period - Frans Nielsen wins face-off versus Tomas Hertl in Kings zone.
17:57 of 3rd period - Wrist shot by Tomas Hertl.
17:57 of 3rd period - Shot Misses the Net.
17:59 of 3rd period - Slapshot by Michael Grabner.
17:59 of 3rd period - Stopped by Mike Smith with a rebound.
18:01 of 3rd period - Slapshot by Artemi Panarin.
18:01 of 3rd period - Shot Blocked by Devin Shore.
18:05 of 3rd period - Snap shot by Artemi Panarin.
18:05 of 3rd period - Stopped by Mike Smith with a rebound.
18:07 of 3rd period - Snap shot by Michael Grabner.
18:07 of 3rd period - Shot Blocked by Dougie Hamilton.
18:09 of 3rd period - Slapshot by Danny DeKeyser.
18:09 of 3rd period - Deflect By Tomas Hertl.
18:09 of 3rd period - Shot Misses the Net.
18:09 of 3rd period - Puck is out of play.
18:10 of 3rd period - Steven Stamkos wins face-off versus Thomas Vanek in Senateurs zone.
18:10 of 3rd period - Steven Stamkos is hit by Thomas Vanek.
18:36 of 3rd period - Brian Dumoulin is hit by Erik Haula and loses puck.
18:43 of 3rd period - Snap shot by Erik Haula.
18:43 of 3rd period - Stopped by Semyon Varlamov with a rebound.
19:27 of 3rd period - Snap shot by Anze Kopitar.
19:27 of 3rd period - Deflect By Thomas Vanek.
19:27 of 3rd period - Shot Blocked by Dustin Brown.
19:27 of 3rd period - Puck is out of play.
19:28 of 3rd period - Tomas Hertl wins face-off versus Frans Nielsen in Senateurs zone.
19:39 of 3rd period - Slapshot by Tomas Hertl.
19:39 of 3rd period - Stopped by Mike Smith without a rebound.
19:40 of 3rd period - Steven Stamkos wins face-off versus Anze Kopitar in Senateurs zone.
Goals for this period are 1 for Kings vs 2 for Senateurs.
Shots for this period are 11 for Kings vs 7 for Senateurs.